 Dungeon Crawl Stone Soup version 0.31.0-32-g396128a36d (webtiles) character file.

Game seed: 5771340511718958369

80 spaghetti the Trooper (level 4, -12/40 (46) HPs)
             Began as a Naga Chaos Knight on Mar 11, 2024.
             Was a Plaything of Xom.
             Killed by an exploding butterfly (22 damage)
             ... ignited by their inner flame
             ... on level 3 of the Dungeon.
             The game lasted 00:02:07 (1816 turns).

spaghetti the Trooper (Naga Chaos Knight)           Turns: 1816, Time: 00:02:07

HP:   -12/40 (46)   AC:  8    Str: 14      XL:     4   Next: 39%
MP:   4/4           EV:  9    Int: 14 (15) God:    Xom [...*..]
Gold: 60            SH:  0    Dex:  8 (10) Spells: 3/3 levels left

rFire   . . .        h - +0 whip (elec)
rCold   . . .        (no shield)
rNeg    . . .        b - +2 leather armour
rPois   +            (no helmet)
rElec   .            (no cloak)
rCorr   .            e - +2 pair of gloves
SInv    +            (no barding)
Will    .....        g - amulet of faith
Stlth   +            (no ring)
HPRegen 0.26/turn    (no ring)
MPRegen 0.09/turn

%: faith
@: heavily drained, very slow
A: AC +1, large, see invisible, deformed body, poison resistance, slowness 2,
spit poison 1, naga tail 1, mutation resistance 1
a: Spit Poison, Renounce Religion


You were on level 3 of the Dungeon.
You worshipped Xom.
You were a favourite toy of Xom.
You visited 1 branch of the dungeon, and saw 3 of its levels.

You collected 60 gold pieces.

Inventory:

Hand Weapons
 a - a +0 spear of chaos
 h - a +0 whip of electrocution (weapon)
Armour
 b - a +2 leather armour (worn)
 e - a +2 pair of gloves (worn)
Jewellery
 g - an amulet of faith (around neck)
Scrolls
 d - 2 scrolls of identify
 f - 2 scrolls of enchant armour


   Skills:
 + Level 5.1 Fighting
 - Level 3.0 Polearms
 - Level 1.5 Armour
 - Level 0.7 Dodging


You had 3 spell levels left.
You didn't know any spells.
Your spell library contained the following spells:

 Spells                   Type           Power      Damage    Failure   Level
 Stone Arrow              Conj/Erth      0%         3d7       71%         3
 Animate Armour           Summ/Erth      0%         N/A       98%         4
 Lehudib's Crystal Spear  Conj/Erth      0%         10d2      100%        8


Dungeon Overview and Level Annotations

Branches:
Dungeon (3/15)

Altars:
Trog


Innate Abilities, Weirdness & Mutations

Your serpentine skin is tough. (AC +1)
You have supernaturally acute eyesight. (SInv)
Armour fits poorly on your strangely shaped body.
Your system is resistant to poisons. (rPois)
You cover ground very slowly.
You can spit poison.
You have a snake-like lower body.
You are somewhat resistant to further mutation.


Message History

As you read the scroll of enchant armour, it crumbles to dust.
Your +1 pair of gloves glows green for a while.
The quasit misses your butterfly. The quasit claws your butterfly.
Your butterfly dies!
Your butterfly disappears in a burst of colours!
The iron imp misses your butterfly.
As you read the scroll labelled GUTSIL BUIRA, it crumbles to dust.
The creatures around you are filled with an inner flame!
It was a scroll of immolation.
The shadow imp hits you but does no damage.
The quasit barely misses your butterfly.
The quasit completely misses your butterfly.
The quasit closely misses your butterfly.
As you read the scroll labelled ETEAVV MUEWKAC, it crumbles to dust.
It is a scroll of identify.
You don't currently have any unidentified items.
The shadow imp barely misses you.
The iron imp closely misses your butterfly.
You swap places.
The quasit bites you but does no damage.
The quasit claws you but does no damage. x2
The shadow imp completely misses your butterfly.
The iron imp barely misses your butterfly.
The quasit barely misses you.
The quasit claws you but does no damage.
The quasit closely misses you.
The shadow imp shouts, "Escape, thou clouted crook-pated measle!"
The shadow imp misses your butterfly.
You swap places.
The quasit barely misses your butterfly.
The quasit claws your butterfly.
Your butterfly disappears in a burst of colours!
Your butterfly explodes!
The fiery explosion engulfs the quasit!
The quasit resists.
The quasit disappears in a puff of smoke!
The fiery explosion engulfs you!!
Xom is highly amused!
Ouch! That really hurt!
You die...
Xom guffaws!

#.# #.######## #.#
#####..##..'.###.#
.......#...##†##.#
.....<#....##.##.#
#####...)_.##.##.#
###....##.##.#
##...##.##5#
##..^####@#
########§#
####.b§b# #.#.###5#
##### #.......#
....######.#.#####
.............#
###.######.########
#.# #.........


You could see an iron imp (summoned, inner flame, ally target) and a shadow imp
(summoned, inner flame).

Vanquished Creatures
  4 adders
  An orc (D:3)
  4 ball pythons (D:2)
  4 endoplasms
  3 giant cockroaches
  8 hobgoblins
  2 quokkas
  6 bats
  4 frilled lizards
  2 goblins
  A kobold (D:1)
  5 rats
44 creatures vanquished.

Notes
Turn   | Place    | Note
-------+----------+-------------------------------------------
     0 | D:1      | spaghetti the Naga Chaos Knight began the quest for the
                  | Orb.
     0 | D:1      | Reached XP level 1. HP: 21/21 MP: 1/1
   286 | D:1      | Reached XP level 2. HP: 28/28 MP: 2/2
   459 | D:1      | XOM: divination: detect items
   614 | D:2      | XOM: confusion (+ monsters)
   615 | D:2      | XOM: enchant monster (bad)
   629 | D:2      | Reached skill level 4 in Fighting
   629 | D:2      | Reached XP level 3. HP: 10/36 MP: 3/3
  1094 | D:2      | XOM: give mutation
  1094 | D:2      | Gained mutation: You are somewhat resistant to further
                  | mutation. [Xom's mischief]
  1313 | D:2      | XOM: swap monsters
  1318 | D:2      | XOM: polymorph ribbon worm -> ball python
  1328 | D:2      | Reached XP level 4. HP: 43/45 MP: 4/4
  1512 | D:3      | Found a bloodstained altar of Trog.
  1534 | D:3      | XOM: stat loss: -1 Int (14/15)
  1586 | D:3      | XOM: draining
  1704 | D:3      | Reached skill level 5 in Fighting
  1797 | D:3      | XOM: summons 3 hostile demons
  1809 | D:3      | Xom revived you
  1816 | D:3      | Killed by an exploding butterfly... ignited by their inner
                  | flame

Illustrated notes

Levels and vault maps discovered:
D:1:      dpeg_arrival_simpleton_c, layout_loops_ring
D:2:      layout_loops_ring
D:3:      layout_loops_ring, grunt_temple_overflow_order_and_chaos_2,
          trog_butcher_becter, shapermc_ecumenical_altar_petra

Skill      XL: |  1  2  3  4 |
---------------+-------------+-----
Fighting       | 4 5 |  5.1
Polearms       | |  3.0
Armour         | |  1.5
Dodging        | |  0.7

Action                     |  1- 3 |  4- 6 || total
---------------------------+-------+-------++-------
  Melee: Spear             |   107 |    34 ||   141
         Punch             |     2 |       ||     2
         Whip              |       |    17 ||    17
    Use: Potion            |     1 |       ||     1
         Scroll            |       |     5 ||     5
   Stab: Petrifying        |     1 |       ||     1
 Armour: Leather armour    |    67 |    63 ||   130
  Dodge: Dodged            |    44 |    51 ||    95
